 Dungeon Crawl Stone Soup version 0.31-a0-187-gba352fbbf7 (webtiles) character file.

Game seed: 15825719347341048002

63 qw the Shooter (level 3, -2/20 HPs)
             Began as a Deep Elf Hunter on June 22, 2023.
             Slain by Natasha (5 damage)
             ... on level 2 of the Dungeon.
             The game lasted 00:00:30 (1200 turns).

qw the Shooter (Deep Elf Hunter)                    Turns: 1200, Time: 00:00:31

Health: -2/20      AC:  7    Str: 10    XL:     3   Next: 87%
Magic:  5/5        EV: 11    Int: 13    God:
Gold:   23         SH:  0    Dex: 18    Spells: 2/2 levels left

rFire   . . .        Y - +0 shortbow
rCold   . . .        (shield currently unavailable)
rNeg    . . .        d - +0 ring mail
rPois   .            b - +1 helmet
rElec   .            (no cloak)
rCorr   .            (no gloves)
SInv    .            (no boots)
Will    .....        (no amulet)
Stlth   +            (no ring)
HPRegen 0.23/turn    (no ring)
MPRegen 0.09/turn

%: no passive effects
@: slowed, very slow
A: no striking features
a: no special abilities


You were on level 2 of the Dungeon.
You visited 1 branch of the dungeon, and saw 2 of its levels.

You collected 23 gold pieces.


   Skills:
 - Level 1.5 Fighting
 + Level 7.3 Ranged Weapons
 - Level 2.4 Dodging
 - Level 1.2 Stealth


You had 2 spell levels left.
You didn't know any spells.
Your spell library was empty.

Inventory:

Hand Weapons
 Y - a +0 shortbow (weapon)
Armour
 b - a +1 helmet (worn)
 d - a +0 ring mail (worn)
Scrolls
 a - a scroll of identify
 e - 2 scrolls of blinking {unknown}
Potions
 c - 3 potions of curing {unknown}
 g - a potion of might {unknown}
 h - a potion of attraction {unknown}

Dungeon Overview and Level Annotations

Branches:
Dungeon (2/15)

Altars:

Annotations:
D:2 Natasha


Message History

Natasha, Servant of Life and Death comes into view.
Natasha hisses angrily.
Enter note:
Enter note:
Enter note:
Enter note:
Enter note:
Enter note:
Enter note:
Enter note:
Enter note: You shoot an arrow.
The arrow closely misses Natasha.
You shoot an arrow. The arrow closely misses Natasha.
Natasha claws you!
You shoot an arrow. The arrow hits Natasha.
Natasha is lightly wounded.
Natasha casts a spell at you. You resist with some effort.
You shoot an arrow. The arrow completely misses Natasha.
Natasha mumbles some strange words.
Natasha shimmers violently.
Natasha mumbles some strange words.
You shoot an arrow. The arrow closely misses Natasha.
Natasha claws you! The cerulean imp closely misses you.
You shoot an arrow. The arrow hits Natasha.
Natasha is moderately wounded.
Natasha stares at you and mumbles some strange words.
You feel yourself slow down.
The cerulean imp hits you but does no damage.
Natasha claws you.
You shoot an arrow. The arrow hits Natasha!
Natasha is almost dead.
The cerulean imp hits you from afar with a +2 spear.
Natasha stares at you and mumbles some strange words.
You feel as though you will be slow longer.
The cerulean imp misses you.
You shoot an arrow. The arrow misses Natasha.
Natasha claws you but does no damage. The cerulean imp barely misses you.
Natasha claws you.
You die...

#....#
.#######.#
####.# #.
#.# ### #.
#.# #. #.#
#. #.# #.
#.# #5 #.#
#h#######.#
#.@.......#
#########.#
###


You could see Natasha and a cerulean imp (summoned).

Vanquished Creatures
  2 adders (D:2)
  A worm (D:2)
  2 dart slugs (D:1)
  An orc (D:2)
  2 endoplasms
  2 giant cockroaches
  6 goblins (D:1)
  5 hobgoblins
  A quokka (D:2)
  2 ball pythons (D:1)
  3 bats
  A frilled lizard (D:1)
  6 kobolds
  3 rats (D:1)
37 creatures vanquished.

Notes
Turn   | Place    | Note
-------+----------+-------------------------------------------
     0 | D:1      | qw the Deep Elf Hunter began the quest for the Orb.
     0 | D:1      | Reached XP level 1. HP: 12/12 MP: 3/3
     0 | D:1      | 0 ||| qw: Version: 0.3-a-9-g12657ce
     0 | D:1      | 0 ||| qw: Game counter: 2082
     0 | D:1      | 0 ||| qw: Always use a shield: true
     0 | D:1      | 0 ||| qw: God list: Okawaru
     0 | D:1      | 0 ||| qw: Allow faded altars: false
     0 | D:1      | 0 ||| qw: Do Orc after D:15 true
     0 | D:1      | 0 ||| qw: Do second Lair branch before Depths: true
     0 | D:1      | 0 ||| qw: Lair rune preference: random
     0 | D:1      | 0 ||| qw: Plans: Normal
     0 | D:1      | 0 ||| PLANNING D:1-11
   139 | D:1      | Reached XP level 2. HP: 16/16 MP: 4/4
   150 | D:1      | Reached skill level 6 in Ranged Weapons
   523 | D:1      | Reached XP level 3. HP: 20/20 MP: 5/5
   549 | D:1      | 549 ||| UPGRADING to +0 ring mail.
   559 | D:1      | 559 ||| DROPPING +0 leather armour.
   560 | D:1      | 560 ||| READING 2 scrolls labelled KEJEEJ BAGIAC.
   561 | D:1      | 561 ||| READING scroll labelled TYT WEGILOCU.
   597 | D:1      | 597 ||| DROPPING scroll of butterflies.
   860 | D:2      | Reached skill level 7 in Ranged Weapons
   860 | D:2      | 860 ||| FLEEEEING.
   861 | D:2      | 861 ||| FLEEEEING.
   870 | D:2      | 870 ||| STAIRDANCE
   889 | D:1      | 889 ||| UPGRADING to +1 helmet.
   894 | D:1      | 894 ||| READING scroll labelled MIUREFF ORAYNK.
  1192 | D:2      | Noticed Natasha
  1198 | D:2      | HP: 3/20 [Natasha (3)]
  1200 | D:2      | Slain by Natasha

Levels and vault maps discovered:
D:1:      eino_arrival_tree_alley, layout_basic, serial_curves, eino_curves_01,
          eino_curves_01, feat_on_display
D:2:      layout_basic, hex_intersection, uniq_natasha

Skill      XL: |  1  2  3 |
---------------+----------+-----
Ranged Weapons | 6 7 |  7.3
Fighting       | |  1.5
Dodging        | |  2.4
Stealth        | |  1.2

Action                     || total
---------------------------++-------
   Fire: Shortbow          ||   117
    Use: Scroll            ||     3
 Armour: Ring mail         ||    12
  Dodge: Dodged            ||    31

Table legend:
 A = Non-vault XP
 B = Vault XP
 C = Vault XP percentage of total XP
 D = Non-vault monster count
 E = Vault monster count
 F = Vault count percentage of total count
                 A         B        C        D         E       F
            +---------+---------+-------+---------+---------+-------
      Total |      90 |       0 |   0.0 |      37 |       0 |   0.0
            +---------+---------+-------+---------+---------+-------
        D:1 |      41 |       0 |   0.0 |      24 |       0 |   0.0
        D:2 |      49 |       0 |   0.0 |      13 |       0 |   0.0
            +---------+---------+-------+---------+---------+-------
